 Dungeon Crawl Stone Soup version 0.31-a0-620-gd1cbd99268 (webtiles) character file.

Game seed: 16394106829065087151

57 dungeno the Firebug (level 3, -7/27 HPs)
             Began as a Draconian Fire Elementalist on Aug 23, 2023.
             Was a High Priest of Ignis.
             Succumbed to their own poison gas
             ... on level 4 of the Dungeon.
             The game lasted 00:11:47 (1818 turns).

dungeno the Firebug (Draconian Fire Elementalist)   Turns: 1818, Time: 00:11:47

Health: -7/27      AC:  5    Str: 10    XL:     3   Next: 73%
Magic:  7/7        EV: 12    Int: 17    God:    Ignis [*****.]
Gold:   228        SH:  0    Dex: 11    Spells: 2/7 levels left

rFire   + . .        n - +2 hand axe (venom)
rCold   . . .        (no shield)
rNeg    . . .        (body armour unavailable)
rPois   .            (helmet restricted)
rElec   .            (no cloak)
rCorr   .            (no gloves)
SInv    .            (no boots)
Will    .....        (no amulet)
Stlth   ++           (no ring)
HPRegen 0.24/turn    (no ring)
MPRegen 0.10/turn

%: no passive effects
@: lethally poisoned (-7 -> -54)
A: AC +5, unfitting armour, cold-blooded
a: Renounce Religion, Fiery Armour, Foxfire Swarm, Rising Flame


You were on level 4 of the Dungeon.
You worshipped Ignis.
Ignis was extremely pleased with you.
You visited 1 branch of the dungeon, and saw 4 of its levels.

You collected 228 gold pieces.

Inventory:

Hand Weapons
 b - a +0 mace
 n - a +2 hand axe of venom (weapon)
Jewellery
 k - a ring of resist corrosion
Wands
 i - a wand of flame (27)
 p - a wand of roots (11)
Scrolls
 c - 4 scrolls of fear {unknown}
 d - a scroll of fog {unknown}
 e - a scroll of torment {unknown}
 f - a scroll of identify {unknown}
 g - 3 scrolls of poison
 m - 4 scrolls of blinking {unknown}
Potions
 a - 2 potions of magic
 h - a potion of might {unknown}
 j - a potion of attraction {unknown}
 l - a potion of degeneration {unknown}
 o - a potion of lignification {unknown}


   Skills:
 + Level 0.3 Fighting
 + Level 1.2 Maces & Flails
 + Level 1.9 Dodging
 + Level 1.9 Stealth
 + Level 2.6 Spellcasting
 + Level 1.1 Conjurations
 + Level 3.6 Fire Magic


You had 2 spell levels left.
You knew the following spells:

 Your Spells              Type           Power      Damage    Failure   Level
a - Foxfire               Conj/Fire      40%        2x1d6     7%          1
b - Scorch                Fire           28%        2d6       6%          2
c - Searing Ray           Conj           12%        2d4       17%         2

Your spell library contained the following spells:

 Spells                   Type           Power      Damage    Failure   Level
 Magic Dart               Conj           24%        1d4       11%         1
 Sublimation of Blood     Necr           2%         N/A       26%         2
 Wereblood                Tmut           2%         N/A       26%         2
 Inner Flame              Hex/Fire       8%         N/A       26%         3
 Volatile Blastmotes      Fire/Tloc      16%        2d11      26%         3
 Hailstorm                Conj/Ice       4%         3d4       38%         3
 Flame Wave               Conj/Fire      10%        2d6       54%         4
 Fulminant Prism          Conj/Hex       2%         3d5       80%         4
 Summon Ice Beast         Ice/Summ       2%         N/A       87%         4
 Simulacrum               Ice/Necr       1%         N/A       100%        6
 Summon Hydra             Summ           1%         N/A       100%        7


Dungeon Overview and Level Annotations

Branches:
Dungeon (4/15)
 Temple: D:4-7

Altars:
Ashenzari
Ignis

Shops:
D:3 (


Innate Abilities, Weirdness & Mutations

Your plain brown scales are hard. (AC +5)
You cannot fit into any form of body armour.
You are cold-blooded and may be slowed by cold attacks.


Message History

The foxfire hits the endoplasm.
The endoplasm is severely wounded.
Casting: Foxfire (safe; 7% risk of failure)
Confirm with . or Enter, or press ? or * to list all spells.
Aiming: Searing Ray (safe; 17% risk of failure)
Press: ? - help, Shift-Dir - straight line, f - hobgoblin
Aim: a hobgoblin (74% to hit)
You miscast Searing Ray.
You are very lightly contaminated with residual magic.
Nothing appears to happen.
Casting: Searing Ray (safe; 17% risk of failure)
Confirm with . or Enter, or press ? or * to list all spells.
Aiming: Searing Ray (safe; 17% risk of failure)
Press: ? - help, Shift-Dir - straight line, f/p - hobgoblin
Aim: a hobgoblin (74% to hit)
You miscast Searing Ray.
Nothing appears to happen.
The endoplasm hits you.
You conjure some foxfire!
The endoplasm hits you but does no damage.
You hit the hobgoblin.
You kill the hobgoblin!
You barely miss the endoplasm.
The foxfire hits the endoplasm.
You kill the endoplasm!
Your foxfire dissipates!
You start resting.
HP restored.
You start resting.
Your magical contamination has completely faded away.
You start resting.
Magic restored.
m - 4 scrolls labelled TAOPOO LOBE (gained 1)
The air fills with toxic fumes!
As you read the scroll labelled WOTSUH GASU, it crumbles to dust.
It was a scroll of poison.
You are engulfed in poison gas.
You are poisoned.
You feel very sick.
You are engulfed in poison gas.
You are lethally poisoned!
You feel extremely sick.
You open the door.
You are engulfed in poison gas.
You are more poisoned.
* * * LOW HITPOINT WARNING * * *
You die...

##.......## ##.#.#
#.....<...####....#
+.........'....>..#
#.........####....#
##.......## ##.#.####
##.....## #.......#
##...## #.##.##.#
##'## #.##.##.# #@#
###.##.##.#
######§####
#......##.#
#....§.§..#
#.#.#####.#
#.#.§§§§#.# #.#.# #.#
#§§§§§§.# #.#.#####.#
#§#§§§#§# #.#.......#
#§##§§#§###.#########
# #§§§§.§...#
......#.#.#####


There were no monsters in sight!

Vanquished Creatures
  An adder (D:3)
  2 dart slugs (D:2)
  5 bats
  4 endoplasms
  3 giant cockroaches (D:1)
  2 goblins
  6 hobgoblins
  4 jackals (D:2)
  A kobold (D:1)
  4 ball pythons
  2 frilled lizards
  6 rats
40 creatures vanquished.

Vanquished Creatures (others)
  52 foxfires
52 creatures vanquished.

Grand Total: 92 creatures vanquished

Notes
Turn   | Place    | Note
-------+----------+-------------------------------------------
     0 | D:1      | dungeno the Draconian Fire Elementalist began the quest for
                  | the Orb.
     0 | D:1      | Reached XP level 1. HP: 14/14 MP: 3/3
    58 | D:1      | Found a faded altar of an unknown god.
    76 | D:1      | Prayed at the altar of an unknown god.
    76 | D:1      | Became a worshipper of Ignis, the Dying Flame
   135 | D:1      | Reached XP level 2. HP: 20/20 MP: 0/5
   138 | D:1      | Learned a level 2 spell: Scorch
   588 | D:2      | Reached XP level 3. HP: 25/26 MP: 4/6
   822 | D:2      | Reached skill level 1 in Maces & Flails
   846 | D:2      | Found a broken altar of Ashenzari.
  1168 | D:3      | Found Ifai's Weapon Boutique.
  1428 | D:3      | Learned a level 2 spell: Searing Ray
  1818 | D:4      | Succumbed to their own poison gas

Illustrated notes

Levels and vault maps discovered:
D:1:      dpeg_arrival_refuge, layout_basic, shapermc_ecumenical_altar_gd
D:2:      layout_rooms, basic_altar
D:3:      layout_basic, serial_shops, shop, minmay_vboxes, uniq_robin
D:4:      layout_loops_corners, cheibrodos_worm_habitat, uniq_pikel

Skill      XL: |  1  2  3 |
---------------+----------+-----
Maces & Flails | 1 |  1.2
Fighting       | |  0.3
Dodging        | |  1.9
Stealth        | |  1.9
Spellcasting   | |  2.6
Conjurations   | |  1.1
Fire Magic     | |  3.6

Action                     || total
---------------------------++-------
  Melee: Mace              ||    53
         Tailslap          ||     9
         Punch             ||     1
         Hand axe          ||     4
   Cast: Foxfire           ||    34
         Scorch            ||     5
 Invoke: Foxfire Swarm     ||     1
    Use: Scroll            ||     1
 Armour: Skin              ||    25
  Dodge: Dodged            ||    41

Table legend: (Time is in decaauts)
 A = Elapsed time spent in this place.
 B = Non-inter-level travel time spent in this place.
 C = Inter-level travel time spent in this place.
 D = Time resting spent in this place.
 E = Time spent auto-exploring this place.
 F = Levels seen in this place.
 G = Mean time per level.
                   A        B        C        D        E       F      G
               +--------+--------+--------+--------+--------+-----+--------+
         Total |   1835 |   1835 |      0 |     61 |   1058 |   4 |  458.8 |
       Dungeon |   1835 |   1835 |      0 |     61 |   1058 |   4 |  458.8 |
               +--------+--------+--------+--------+--------+-----+--------+

Top non-repeatable levels by time:
     D:3: 625 daAuts
     D:1: 575 daAuts
     D:2: 500 daAuts
     D:4: 134 daAuts
